[ PARTIDA AOE2 · #482198809 ]
1v1 RMBohemios vs Poles
Equipo del jugador · DERR
Equipo rival · VICT
[ ANÁLISIS DE REPETICIÓN · EXTRAÍDO DE LA PARTIDA GRABADA ]
Feudal
19:03
Castillos
23:55
Imperial
40:38
| APM promedio | 28.4 |
| APM pico | 52 |
| eAPM promedio | 16.0 |
| Aldeanos / militares | 125 / 626 |
Foco
⚔️ 43.2% · 🌾 56.8%
Spearman ×520 · Demolition Raft ×26 · Monk ×22 · Bombard Cannon ×21 · Hussite Wagon ×17 · Cannon Galleon ×15
Feudal
15:23
Castillos
23:20
Imperial
36:34
| APM promedio | 14.7 |
| APM pico | 45 |
| eAPM promedio | 11.7 |
| Aldeanos / militares | 142 / 664 |
Foco
⚔️ 38.8% · 🌾 61.2%
Scout Cavalry ×425 · Obuch ×160 · Fire Galley ×55 · Fishing Ship ×14 · Unknown (2626) ×9 · Trebuchet (Packed) ×9
Mapa de la partida
Recursos iniciales + cada clic de construcción. Líneas = muros · curvas = relieve. ◆ oro · ⬟ piedra · ● bayas · ✦ reliquia · ◌ hueco del cierre
Tu base· ✓ Separados por el mapa
Base de hadzalicomer· ✓ Separados por el mapa
Terreno inicial suavizado · ◌ = hueco del cierre detectado · pasá el cursor para detalles
Inputs por minuto
— mozo815 灰色 - - hadzalicomer
Build order — mozo815 灰色
Primeras 150 de 585 acciones detectadas
| 0:01 | Crear | Villager (Male) |
| 0:05 | Construir | House |
| 0:07 | Construir | House |
| 0:08 | Construir | House |
| 0:46 | Crear | Villager (Male) |
| 0:46 | Crear | Villager (Male) |
| 0:46 | Crear | Villager (Male) |
| 0:47 | Crear | Villager (Male) |
| 2:07 | Investigar | Loom |
| 2:16 | Crear | Villager (Male) |
| 3:01 | Construir | Dock |
| 3:09 | Construir | Lumber Camp |
| 3:21 | Crear | Villager (Male) |
| 3:21 | Crear | Villager (Male) |
| 4:01 | Crear | Villager (Male) |
| 4:17 | Crear | Fishing Ship |
| 5:10 | Crear | Villager (Male) |
| 5:11 | Crear | Villager (Male) |
| 5:11 | Crear | Villager (Male) |
| 5:41 | Crear | Villager (Male) |
| 5:42 | Crear | Villager (Male) |
| 6:04 | Crear | Villager (Male) |
| 6:26 | Construir | Outpost |
| 6:36 | Crear | Villager (Male) |
| 6:36 | Crear | Villager (Male) |
| 6:55 | Crear | Villager (Male) |
| 7:10 | Construir | Outpost |
| 7:16 | Construir | House |
| 7:26 | Crear | Villager (Male) |
| 7:26 | Crear | Villager (Male) |
| 7:58 | Construir | Palisade Wall |
| 8:03 | Crear | Villager (Male) |
| 8:04 | Crear | Villager (Male) |
| 8:09 | Crear | Fishing Ship |
| 8:32 | Construir | Palisade Gate |
| 8:34 | Construir | Palisade Wall |
| 8:40 | Construir | Palisade Wall |
| 8:45 | Construir | Palisade Wall |
| 9:10 | Construir | Mining Camp |
| 9:55 | Crear | Villager (Male) |
| 9:55 | Crear | Villager (Male) |
| 9:55 | Crear | Villager (Male) |
| 10:01 | Construir | Palisade Wall |
| 10:06 | Construir | Palisade Wall |
| 10:08 | Construir | Palisade Wall |
| 10:15 | Construir | Mining Camp |
| 11:42 | Crear | Villager (Male) |
| 11:42 | Crear | Villager (Male) |
| 11:45 | Construir | House |
| 11:57 | Construir | House |
| 12:20 | Construir | Barracks |
| 13:38 | Crear | Villager (Male) |
| 13:38 | Crear | Villager (Male) |
| 14:17 | Crear | Fishing Ship |
| 14:17 | Crear | Fishing Ship |
| 14:23 | Construir | Dock |
| 14:37 | Construir | House |
| 14:42 | Construir | Palisade Wall |
| 15:21 | Construir | Dock |
| 15:28 | Crear | Fishing Ship |
| 15:28 | Crear | Fishing Ship |
| 15:50 | Construir | Palisade Wall |
| 15:59 | Construir | Lumber Camp |
| 16:09 | Construir | Palisade Wall |
| 16:16 | Crear | Fishing Ship |
| 16:16 | Crear | Fishing Ship |
| 16:53 | Investigar | Feudal Age |
| 17:26 | Construir | Palisade Wall |
| 18:09 | Construir | Palisade Wall |
| 18:12 | Construir | Outpost |
| 18:18 | Construir | Mill |
| 18:24 | Construir | Mill |
| 18:33 | Construir | House |
| 18:35 | Construir | House |
| 19:03 | Edad | Edad Feudal |
| 19:05 | Construir | Blacksmith |
| 19:10 | Construir | Market |
| 19:15 | Construir | House |
| 19:57 | Construir | Farm |
| 20:07 | Construir | Farm |
| 20:10 | Construir | Farm |
| 20:12 | Construir | Farm |
| 20:45 | Construir | Farm |
| 20:47 | Construir | Farm |
| 20:48 | Construir | Farm |
| 20:49 | Construir | Farm |
| 20:51 | Construir | Farm |
| 21:15 | Investigar | Castle Age |
| 21:21 | Investigar | Horse Collar |
| 21:34 | Crear | Demolition Raft |
| 21:34 | Crear | Demolition Raft |
| 22:02 | Construir | Dock |
| 22:45 | Construir | Dock |
| 22:52 | Crear | Demolition Raft |
| 23:55 | Edad | Edad de los Castillos |
| 23:58 | Construir | Town Center |
| 24:10 | Construir | Town Center |
| 24:18 | Construir | Barracks |
| 24:30 | Investigar | Pikeman (upgrade) |
| 24:41 | Investigar | Double-Bit Axe |
| 24:46 | Crear | Villager (Male) |
| 24:47 | Crear | Villager (Male) |
| 24:49 | Crear | Villager (Male) |
| 24:50 | Crear | Villager (Male) |
| 24:57 | Crear | Spearman |
| 25:10 | Crear | Fire Galley |
| 25:31 | Crear | Demolition Raft |
| 25:36 | Crear | Demolition Raft |
| 25:51 | Crear | Villager (Male) |
| 25:51 | Crear | Villager (Male) |
| 25:52 | Crear | Villager (Male) |
| 25:52 | Crear | Villager (Male) |
| 25:52 | Crear | Villager (Male) |
| 25:52 | Crear | Villager (Male) |
| 25:52 | Crear | Villager (Male) |
| 25:53 | Crear | Villager (Male) |
| 25:53 | Crear | Villager (Male) |
| 25:53 | Crear | Villager (Male) |
| 25:53 | Crear | Villager (Male) |
| 25:54 | Crear | Villager (Male) |
| 25:54 | Crear | Villager (Male) |
| 26:05 | Crear | Demolition Raft |
| 26:09 | Construir | Farm |
| 26:31 | Construir | Farm |
| 26:35 | Crear | Villager (Male) |
| 26:35 | Crear | Villager (Male) |
| 26:36 | Crear | Villager (Male) |
| 26:36 | Crear | Villager (Male) |
| 26:38 | Crear | Villager (Male) |
| 27:04 | Investigar | Tech 905 |
| 27:08 | Crear | Demolition Raft |
| 27:25 | Crear | Spearman ×4 |
| 27:32 | Investigar | Scale Mail Armor |
| 27:56 | Investigar | Wheelbarrow |
| 28:07 | Construir | Castle |
| 28:36 | Crear | Villager (Male) |
| 28:36 | Crear | Villager (Male) |
| 28:36 | Crear | Villager (Male) |
| 28:36 | Crear | Villager (Male) |
| 28:41 | Crear | Spearman |
| 28:48 | Construir | Lumber Camp |
| 28:53 | Crear | Demolition Raft |
| 28:57 | Crear | Demolition Raft |
| 29:21 | Construir | University |
| 29:34 | Crear | Villager (Male) |
| 29:34 | Crear | Villager (Male) |
| 29:34 | Crear | Villager (Male) |
| 29:34 | Crear | Villager (Male) |
| 29:40 | Construir | House |
| 29:41 | Construir | House |
Build order — hadzalicomer
Primeras 150 de 698 acciones detectadas
| 0:08 | Crear | Villager (Male) |
| 0:09 | Investigar | Loom |
| 0:09 | Crear | Villager (Male) |
| 0:10 | Crear | Villager (Male) |
| 0:10 | Crear | Villager (Male) |
| 0:10 | Crear | Villager (Male) |
| 0:10 | Crear | Villager (Male) |
| 0:22 | Construir | House |
| 0:24 | Construir | House |
| 0:26 | Construir | House |
| 0:28 | Construir | House |
| 0:30 | Construir | House |
| 0:32 | Construir | House |
| 1:35 | Crear | Villager (Male) |
| 2:18 | Crear | Villager (Male) |
| 2:53 | Crear | Villager (Male) |
| 3:15 | Crear | Villager (Male) |
| 3:37 | Crear | Villager (Male) |
| 4:01 | Crear | Villager (Male) |
| 4:49 | Crear | Villager (Male) |
| 4:49 | Crear | Villager (Male) |
| 4:50 | Crear | Villager (Male) |
| 5:33 | Crear | Villager (Male) |
| 5:43 | Construir | Lumber Camp |
| 5:57 | Crear | Villager (Male) |
| 6:34 | Crear | Villager (Male) |
| 7:13 | Construir | Dock |
| 7:17 | Crear | Villager (Male) |
| 7:18 | Crear | Villager (Male) |
| 7:37 | Construir | Mill |
| 7:48 | Crear | Villager (Male) |
| 7:49 | Crear | Villager (Male) |
| 7:54 | Crear | Fishing Ship |
| 8:21 | Crear | Fishing Ship |
| 8:47 | Construir | Mining Camp |
| 9:14 | Crear | Villager (Male) |
| 9:23 | Crear | Fishing Ship |
| 9:25 | Crear | Fishing Ship |
| 9:57 | Crear | Villager (Male) |
| 9:57 | Crear | Villager (Male) |
| 9:58 | Crear | Villager (Male) |
| 10:40 | Construir | Dock |
| 10:53 | Crear | Villager (Male) |
| 11:15 | Crear | Fishing Ship |
| 11:15 | Crear | Fishing Ship |
| 11:44 | Crear | Villager (Male) |
| 12:06 | Crear | Villager (Male) |
| 12:26 | Crear | Fishing Ship |
| 12:27 | Crear | Fishing Ship |
| 12:27 | Crear | Fishing Ship |
| 12:36 | Construir | House |
| 12:38 | Construir | House |
| 12:40 | Construir | House |
| 12:51 | Construir | Mining Camp |
| 13:06 | Crear | Fishing Ship |
| 13:13 | Investigar | Feudal Age |
| 13:24 | Construir | House |
| 13:26 | Construir | House |
| 13:28 | Construir | House |
| 13:29 | Construir | House |
| 13:30 | Construir | House |
| 13:32 | Construir | House |
| 13:58 | Construir | Dock |
| 14:41 | Construir | Dock |
| 15:06 | Crear | Fishing Ship |
| 15:07 | Crear | Fishing Ship |
| 15:20 | Crear | Fishing Ship |
| 15:21 | Crear | Fishing Ship |
| 15:23 | Edad | Edad Feudal |
| 15:36 | Crear | Villager (Male) |
| 15:36 | Crear | Villager (Male) |
| 15:42 | Investigar | Double-Bit Axe |
| 15:58 | Investigar | Stone Mining |
| 16:01 | Investigar | Gold Mining |
| 16:16 | Crear | Unit 2626 |
| 16:36 | Crear | Villager (Male) |
| 16:37 | Crear | Villager (Male) |
| 16:37 | Crear | Villager (Male) |
| 16:50 | Construir | Farm |
| 16:52 | Construir | Farm |
| 16:54 | Construir | Farm |
| 17:03 | Construir | Farm |
| 17:06 | Crear | Villager (Male) |
| 17:21 | Crear | Fire Galley |
| 17:40 | Construir | Farm |
| 17:48 | Investigar | Horse Collar |
| 18:06 | Construir | Blacksmith |
| 18:10 | Crear | Villager (Male) |
| 18:35 | Construir | Barracks |
| 18:41 | Investigar | Wheelbarrow |
| 19:21 | Crear | Fire Galley |
| 19:25 | Crear | Unit 2626 |
| 19:40 | Construir | Stable |
| 20:17 | Investigar | Scale Mail Armor |
| 20:19 | Investigar | Forging |
| 20:30 | Construir | Archery Range |
| 20:40 | Investigar | Castle Age |
| 20:49 | Crear | Fire Galley |
| 20:50 | Crear | Unit 2626 |
| 20:50 | Crear | Fire Galley |
| 20:51 | Crear | Unit 2626 |
| 21:53 | Construir | Stable |
| 21:56 | Investigar | Scale Barding Armor |
| 21:56 | Investigar | Padded Archer Armor |
| 21:59 | Investigar | Fletching |
| 22:10 | Construir | Farm |
| 22:11 | Construir | Farm |
| 22:14 | Construir | Farm |
| 22:15 | Construir | Farm |
| 22:18 | Construir | Farm |
| 22:19 | Construir | Farm |
| 22:21 | Construir | Farm |
| 22:33 | Crear | Villager (Male) |
| 22:33 | Crear | Villager (Male) |
| 22:44 | Construir | Lumber Camp |
| 22:57 | Construir | Lumber Camp |
| 23:11 | Construir | House |
| 23:19 | Construir | House |
| 23:20 | Edad | Edad de los Castillos |
| 23:21 | Construir | House |
| 23:22 | Construir | House |
| 23:31 | Investigar | Heavy Plow |
| 23:50 | Construir | Castle |
| 23:56 | Crear | Villager (Male) |
| 23:57 | Crear | Villager (Male) |
| 24:09 | Investigar | Light Cavalry (upgrade) |
| 24:10 | Investigar | Bloodlines |
| 24:13 | Investigar | Chain Barding Armor |
| 24:29 | Construir | Town Center |
| 24:47 | Investigar | Bow Saw |
| 24:52 | Crear | Villager (Male) |
| 25:12 | Construir | Mining Camp |
| 25:25 | Construir | Town Center |
| 25:42 | Investigar | War Galley (upgrade) |
| 25:45 | Investigar | Tech 905 |
| 25:51 | Crear | Villager (Male) |
| 25:51 | Crear | Villager (Male) |
| 25:52 | Crear | Villager (Male) |
| 26:00 | Investigar | Stone Shaft Mining |
| 26:16 | Investigar | Tech 906 |
| 26:46 | Construir | Farm |
| 26:46 | Construir | Farm |
| 26:47 | Construir | Farm |
| 26:47 | Construir | Farm |
| 26:47 | Construir | Farm |
| 26:47 | Construir | Farm |
| 26:48 | Construir | Farm |
| 26:48 | Construir | Farm |
| 26:49 | Construir | Farm |
| 26:49 | Construir | Farm |
Cronología de la partida
| 3:01 | mozo815 灰色 · first_building Dock |
| 7:13 | hadzalicomer · first_building Dock |
| 7:58 | mozo815 灰色 · wall_segment Palisade Wall x1 |
| 8:34 | mozo815 灰色 · wall_segment Palisade Wall x1 |
| 8:40 | mozo815 灰色 · wall_segment Palisade Wall x6 |
| 8:45 | mozo815 灰色 · wall_segment Palisade Wall x2 |
| 10:01 | mozo815 灰色 · wall_segment Palisade Wall x1 |
| 10:06 | mozo815 灰色 · wall_segment Palisade Wall x1 |
| 10:08 | mozo815 灰色 · wall_segment Palisade Wall x1 |
| 12:20 | mozo815 灰色 · first_building Barracks |
| 14:42 | mozo815 灰色 · wall_segment Palisade Wall x4 |
| 15:23 | hadzalicomer · age_up feudal |
| 15:50 | mozo815 灰色 · wall_segment Palisade Wall x4 |
| 16:09 | mozo815 灰色 · wall_segment Palisade Wall x4 |
| 17:26 | mozo815 灰色 · wall_segment Palisade Wall x1 |
| 18:09 | mozo815 灰色 · wall_segment Palisade Wall x1 |
| 18:35 | hadzalicomer · first_building Barracks |
| 19:03 | mozo815 灰色 · age_up feudal |
| 19:40 | hadzalicomer · first_building Stable |
| 20:30 | hadzalicomer · first_building Archery Range |
| 20:56 | mozo815 灰色 · first_market_buy 100 food |
| 23:20 | hadzalicomer · age_up castle |
| 23:50 | hadzalicomer · first_building Castle |
| 23:55 | mozo815 灰色 · age_up castle |
| 28:07 | mozo815 灰色 · first_building Castle |
| 33:33 | mozo815 灰色 · first_market_sell 100 stone |
| 36:34 | hadzalicomer · age_up imperial |
| 38:37 | mozo815 灰色 · first_building Siege Workshop |
| 39:02 | hadzalicomer · first_building Monastery |
| 40:38 | mozo815 灰色 · age_up imperial |
| 45:30 | mozo815 灰色 · wall_segment Stone Wall x1 |
| 45:31 | mozo815 灰色 · wall_segment Stone Wall x1 |
| 45:41 | mozo815 灰色 · wall_segment Stone Wall x1 |
| 45:42 | mozo815 灰色 · wall_segment Stone Wall x1 |
| 45:54 | mozo815 灰色 · wall_segment Stone Wall x1 |
| 51:36 | mozo815 灰色 · wall_segment Stone Wall x1 |
| 59:21 | mozo815 灰色 · first_building Monastery |
| 77:43 | mozo815 灰色 · resign |
[ ANÁLISIS IA · 1 CRÉDITO ]
¿Qué pasó realmente en esta partida?
Wolo.gg analiza cada decisión: build order, eco, micro, errores típicos por bracket. Análisis personalizado por WhatsApp o Discord en 30 segundos.
Guía civ
Bohemios
Guía mapa
MegaRandom
Perfil
mozo815 灰色